 Dungeon Crawl Stone Soup version 0.29.1-1-gd02db6906a (webtiles) character file.

Game seed: 10672814335390003813

191 fireball365 the Digger (level 5, -4/39 HPs)
             Began as a Demigod Earth Elementalist on Oct 8, 2022.
             Killed by nerve-wracking pain
             ... invoked by an orc priest
              (8 damage)
             ... on level 4 of the Dungeon.
             The game lasted 00:18:11 (4397 turns).

fireball365 the Digger (Demigod Earth Elementalist) Turns: 4397, Time: 00:18:12

Health: -4/39      AC:  8    Str:  9    XL:     5   Next: 18%
Magic:  10/13      EV:  4    Int: 21    God:
Gold:   138        SH:  0    Dex: 20    Spells: 9/10 levels left

rFire   . . .      SeeInvis .   t - +2 short sword (drain)
rCold   . . .      Faith    .   (no shield)
rNeg    . . .      Spirit   .   u - +0 chain mail
rPois   .          Reflect  .   (no helmet)
rElec   .          Harm     .   (no cloak)
rCorr   .          Rampage  .   (no gloves)
Will    .....                   (no boots)
Stlth   ..........              (no amulet)
HPRegen 0.13/turn               c - +6 ring of dexterity
MPRegen 0.13/turn               (no ring)

@: mighty, very slightly contaminated
A: high MP 1, forlorn, divine attributes
a: no special abilities


You were on level 4 of the Dungeon.
You visited 1 branch of the dungeon, and saw 4 of its levels.

You collected 138 gold pieces.

Inventory:

Hand Weapons
 a - a +0 flail
 b - a +0 mace
 f - a +0 whip
 l - a +0 spear
 r - a +0 trident
 t - a +2 short sword of draining (weapon)
Missiles
 i - 53 stones
Armour
 n - a +0 scale mail
 u - a +0 chain mail (worn)
Jewellery
 c - a +6 ring of dexterity (left hand)
Wands
 v - a wand of flame (9)
 x - a wand of polymorph (8)
Scrolls
 d - a scroll of blinking {unknown}
 m - a scroll of identify
 p - 2 scrolls of teleportation
Potions
 j - a potion of brilliance {unknown}
 k - a potion of flight {unknown}
 w - a potion of mutation {unknown}


   Skills:
 + Level 0.3 Fighting
 + Level 0.6 Short Blades
 + Level 1.1 Armour
 + Level 2.1 Dodging
 + Level 2.2 Stealth
 + Level 3.3 Spellcasting
 + Level 0.8 Transmutations
 + Level 3.7 Earth Magic


You had 9 spell levels left.
You knew the following spells:

 Your Spells              Type           Power      Damage    Failure   Level
a - Sandblast             Erth           38%        2d10      97%         1

Your spell library contained the following spells:

 Spells                   Type           Power      Damage    Failure   Level
 Blink                    Tloc           6%         N/A       100%        2
 Passwall                 Tmut/Erth      10%        N/A       100%        2
 Ignite Poison            Fire/Tmut/Pois 4%         N/A       100%        3
 Lesser Beckoning         Tloc           3%         N/A       100%        3
 Mephitic Cloud           Conj/Pois/Air  3%         N/A       100%        3
 Stone Arrow              Conj/Erth      22%        3d8       100%        3
 Petrify                  Tmut/Erth      13%        N/A       100%        4
 Freezing Cloud           Conj/Ice/Air   1%         6-21      100%        5
 Manifold Assault         Tloc           3%         N/A       100%        5


Dungeon Overview and Level Annotations

Branches:
Dungeon (4/15)
 Temple: D:4-7


Innate Abilities, Weirdness & Mutations

You have an increased reservoir of magic. (+10% MP)
You shall have no god before yourself.
Your divine heritage dramatically boosts your attributes as you level up.


Message History

The orc priest miscasts a cantrip.
You miscast Sandblast.
You are very lightly contaminated with residual magic.
Nothing appears to happen.
The orc hits you with a +0 club.
You miscast Sandblast.
Nothing appears to happen.
You miscast Sandblast.
Nothing appears to happen.
You closely miss the orc.
The orc priest calls down the wrath of Beogh upon you.
Beogh smites you! The orc hits you with a +0 hand axe.
You hit the orc.
The orc is heavily wounded.
The orc hits you with a +0 hand axe.
You hit the orc. You drain the orc.
You kill the orc!
The orc priest invokes the aid of Beogh against you.
Beogh smites you!
* * * LOW HITPOINT WARNING * * *
You hit the orc. You drain the orc.
The orc is almost dead.
The orc priest calls down the wrath of Beogh upon you.
Pain shoots through your body!
* * * LOW HITPOINT WARNING * * *
The orc hits you but does no damage.
There is an open door here.
Things that are here:
a +0 hand axe; an orc corpse You feel very mighty all of a sudden.
The orc priest hits you but does no damage.
The orc hits you but does no damage.
You puncture the orc!
You kill the orc!
The orc priest hits you but does no damage.
You hit the orc priest. You drain the orc priest.
The orc priest is lightly wounded.
The orc priest begins to cast a cantrip, but forgets the words!
You hit the orc priest.
The orc priest is heavily wounded.
The orc priest calls down the wrath of Beogh upon you.
Pain shoots through your body!
You die...

#..........#.......#
#####..................#
.......................#
#####.#.###............#
#.................##
##........###......#
#.................#
#.o.#..............
###@##..............
#.).##.....#........
#..........#........
#.........##........
#...................
#..........##...#'##
##..................
#..................
#..................


You could see an orc priest (very drained).

Vanquished Creatures
  A phantom (D:3)
  3 adders (D:2)
  4 worms
  A dart slug (D:3)
  6 orcs
  5 ball pythons
  8 bats
  5 endoplasms
  3 giant cockroaches
  4 goblins
  4 hobgoblins
  3 jackals (D:3)
  10 kobolds
  2 quokkas
  A frilled lizard (D:1)
  3 rats
63 creatures vanquished.

Notes
Turn   | Place    | Note
-------+----------+-------------------------------------------
     0 | D:1      | fireball365 the Demigod Earth Elementalist began the quest
                  | for the Orb.
     0 | D:1      | Reached XP level 1. HP: 14/14 MP: 5/5
   257 | D:1      | Reached XP level 2. HP: 17/20 MP: 5/7
  1671 | D:2      | Reached XP level 3. HP: 15/26 MP: 5/9
  2825 | D:3      | Reached XP level 4. HP: 28/32 MP: 7/10
  3264 | D:3      | Noticed a phantom
  3283 | D:3      | Killed a phantom
  3284 | D:3      | Reached skill level 1 in Armour
  3284 | D:3      | Reached XP level 5. HP: 30/38 MP: 12/12
  4397 | D:4      | Killed from afar by an orc priest

Illustrated notes

Levels and vault maps discovered:
D:1:      wander_arrival_lonely_grave, layout_basic,
          hellmonk_ecumenical_altar_heavens_door
D:2:      layout_loops_corners, grunt_ministairs_5
D:3:      layout_loops_ring
D:4:      layout_basic, mainiacjoe_overflow_cross_hatched, uniq_menkaure,
          uniq_edmund, uniq_natasha

Skill      XL: |  1  2  3  4 |
---------------+-------------+-----
Earth Magic    | 3 |  3.7
Spellcasting   | 2 3 |  3.3
Stealth        | 2 |  2.2
Dodging        | 2 |  2.1
Armour         | 1 |  1.1
Fighting       | |  0.3
Short Blades   | |  0.6
Transmutations | |  0.8

Action                   |  1- 3 |  4- 6 || total
-------------------------+-------+-------++-------
Melee: Short sword       |    36 |    34 ||    70
       Punch             |     1 |       ||     1
 Cast: Sandblast         |    54 |    16 ||    70
  Use: Potion            |       |     4 ||     4
       Scroll            |       |     5 ||     5
Armor: Robe              |     1 |       ||     1
       Leather armour    |     9 |       ||     9
       Scale mail        |    25 |    17 ||    42
       Chain mail        |       |    36 ||    36
Dodge: Dodged            |    47 |    27 ||    74
